 Dungeon Crawl Stone Soup version 0.31-a0-981-geadf994542 (webtiles) character file.

Game seed: 3785941380076551403

50 Whiskey the Changeling (level 3, -1/24 HPs)
             Began as an Octopode Shapeshifter on Nov 2, 2023.
             Slain by a hobgoblin (7 damage)
             ... led by Robin
             ... on level 2 of the Dungeon.
             The game lasted 00:02:39 (1313 turns).

Whiskey the Changeling (Octopode Shapeshifter)      Turns: 1313, Time: 00:02:40

Health: -1/24      AC:  1    Str: 13    XL:     3   Next: 79%
Magic:  3/3        EV: 13    Int: 14    God:
Gold:   102        SH:  0    Dex: 11    Spells: 2/2 levels left

rFire   . .          .
                       - Unarmed
rCold   . . .        (no shield)
rNeg    . . .        (helmet currently unavailable)
rPois   +            (no amulet)
rElec   .            i - ring of poison resistance {rPois, !d}
rCorr   .            (no ring)
SInv    .            (no ring)
Will    .....        (no ring)
Stlth   ++           (no ring)
HPRegen 0.24/turn    (no ring)
MPRegen 0.08/turn    (no ring)
                     (no ring)

%: no passive effects
@: beast-form
A: beast (slay +2), almost no armour, amphibious, 8 rings, camouflage 1,
gelatinous body 1, (nimble swimmer 1), tentacles
a: Begin Untransformation


You were on level 2 of the Dungeon.
You were a hulking beast.
You visited 1 branch of the dungeon, and saw 2 of its levels.

You collected 102 gold pieces.

Inventory:

Jewellery
 i - a ring of poison resistance (left tentacle) {rPois, !d}
   (You found it on level 2 of the Dungeon)
Talismans
 b - a beast talisman
 c - a flux talisman
Scrolls
 d - a scroll of silence {unknown}
 e - 2 scrolls of identify {unknown}
 g - a scroll of immolation {unknown}
 m - a scroll of teleportation {unknown}
Potions
 a - a potion of lignification {!q}
 f - a potion of mutation {unknown}
 h - a potion of brilliance {unknown}
 j - a potion of enlightenment {unknown}
 k - a potion of curing {unknown}
 l - 2 potions of magic {unknown}
 n - a potion of resistance {unknown}


   Skills:
 + Level 2.1 Fighting
 - Level 2.0 Dodging
 - Level 3.0 Unarmed Combat
 * Level 4.0 Shapeshifting


You had 2 spell levels left.
You didn't know any spells.
Your spell library contained the following spells:

 Spells                   Type           Power      Damage    Failure   Level
 Slow                     Hex            0%         N/A       28%         1
 Confusing Touch          Hex            0%         N/A       65%         3
 Sigil of Binding         Hex            0%         N/A       65%         3
 Vampiric Draining        Necr           0%         2d6       65%         3


Dungeon Overview and Level Annotations

Branches:
Dungeon (2/15)

Altars:
Dithmenos

Shops:
D:2 [

Annotations:
D:2 Robin


Innate Abilities, Weirdness & Mutations

You are a hulking beast.
Your limbs bulge with bestial killing power. (Slay +2)
You cannot wear most types of armour.
You are amphibious.
You can wear up to eight rings at the same time.
Your skin changes colour to match your surroundings (Stealth+).
Your rubbery body absorbs attacks. (AC +1, EV +1)
((You are camouflaged when in or above water. (Stealth+)))
You have tentacles for arms and can constrict up to eight enemies at once.


Message History

You tentacle-slap the frilled lizard.
You kill the frilled lizard!
No target in view!
No target in view!
No target in view!
No target in view!
No target in view!
No target in view!
No target in view!
No target in view!
No target in view!
No target in view!
No target in view!
No target in view!
No target in view!
You see here a frilled lizard corpse.
n - a fuming green potion
Found a stone staircase leading up.
Found a stone staircase leading down.
There is a stone staircase leading down here.
There is a stone staircase leading up here.
You now have 97 gold pieces (gained 4).
You now have 102 gold pieces (gained 5).
Found a stone staircase leading up.
Found Var Fotz's Antique Armour Boutique.
There is an entrance to Var Fotz's Antique Armour Boutique here.
Found a shadowy altar of Dithmenos. 2 hobgoblins come into view. 2 goblins come into view.
The hobgoblin shouts!
The goblin shouts!
You hear a shout! x5
The goblin shouts!
Robin of the Strong Arm comes into view.
They are wielding a +0 dagger.
A goblin and a hobgoblin come into view.
The hobgoblin shouts!
You hear a shout!
Robin throws the goblin at you! The goblin hits you with a +0 dagger.
A goblin comes into view. It is wielding a +0 club.
You barely miss the hobgoblin. Your grab misses the hobgoblin.
You squeeze the hobgoblin.
Robin says, "My goblins will feast on your bones."
Robin throws the goblin at you! The goblin hits you with a +0 dagger.
The hobgoblin barely misses you. The goblin hits you with a +0 club.
A hobgoblin comes into view.
You are too injured to fight recklessly!
You are too injured to fight recklessly!
You are too injured to fight recklessly!
You take 13 damage, and have 11/24 hp.
MASSIVE DAMAGE!!
You are too injured to fight recklessly!
You are too injured to fight recklessly!
You are too injured to fight recklessly!
You are too injured to fight recklessly!
You are too injured to fight recklessly!
You are too injured to fight recklessly!
You are too injured to fight recklessly!
You are too injured to fight recklessly!
You are too injured to fight recklessly!
You are too injured to fight recklessly!
You are too injured to fight recklessly!
You are too injured to fight recklessly!
You are too injured to fight recklessly!
You are too injured to fight recklessly!
You are too injured to fight recklessly!
You are too injured to fight recklessly!
You are too injured to fight recklessly!
The goblin hits you with a +0 dagger. The hobgoblin misses you.
The goblin attacks as it pursues you! The goblin misses you.
You take 2 damage, and have 9/24 hp.
Robin throws the goblin at you!
* * * LOW HITPOINT WARNING * * *
The goblin barely misses you.
The hobgoblin attacks as it pursues you!
The hobgoblin closely misses you.
The hobgoblin attacks as it pursues you!
The hobgoblin closely misses you. The goblin hits you with a dagger.
* * * LOW HITPOINT WARNING * * *
You take 4 damage, and have 5/24 hp.
You tentacle-slap the goblin.
You kill the goblin!
The hobgoblin misses you.
Your Shapeshifting skill increases to level 4!
You closely miss the goblin. You grab the goblin. You constrict the goblin.
The goblin closely misses you. The hobgoblin barely misses you.
A hobgoblin comes into view.
The goblin barely misses you.
The hobgoblin hits you but does no damage.
You tentacle-slap the goblin.
You kill the goblin!
The hobgoblin hits you.
* * * LOW HITPOINT WARNING * * *
Robin roars a battlecry!
The goblins go into a battle-frenzy!
The goblin hits you but does no damage.
The hobgoblin hits you but does no damage.
You take 1 damage, and have 5/24 hp.
Things that are here:
a +0 dagger; a +0 dagger The hobgoblin attacks as it pursues you!
The hobgoblin barely misses you.
The hobgoblin attacks as it pursues you!
The hobgoblin hits you!
You die...

#..... #.......# #.#
#..#.### #.......# #.#
#...g..# #<......# #.#
#....gg# #.......#
##.## #..._gg#
#.......# #...#
#.....g#
#.......####.##
##.....#
#..........#.#
#####g######.#####.#.#
#gg.gh...#####.#.#
##..#^............#
#.....##.[##.##.#.#
##..####..##.##.#.# ##
##.♣###..........#####
.##
#......########......
#.#######
#♣∩♣.##..........###.
##......#
#...##.########.# #.
##.###.# #♣###...#
#.###.


You could see 2 hobgoblins and 2 goblins.

Vanquished Creatures
  An adder (D:2)
  A gnoll (D:1)
  A ball python (D:1)
  3 bats (D:1)
  An endoplasm (D:1)
  A giant cockroach (D:1)
  4 goblins
  A hobgoblin (D:1)
  6 jackals (D:1)
  4 kobolds
  A quokka (D:2)
  2 frilled lizards (D:2)
  A rat (D:2)
27 creatures vanquished.

Notes
Turn   | Place    | Note
-------+----------+-------------------------------------------
     0 | D:1      | Whiskey the Octopode Shapeshifter began the quest for the
                  | Orb.
     0 | D:1      | Reached XP level 1. HP: 13/13 MP: 1/1
   144 | D:1      | Reached XP level 2. HP: 10/18 MP: 2/2
   305 | D:1      | Reached XP level 3. HP: 13/24 MP: 3/3
  1022 | D:2      | Reached skill level 2 in Fighting
  1289 | D:2      | Found Var Fotz's Antique Armour Boutique.
  1296 | D:2      | Found a shadowy altar of Dithmenos.
  1301 | D:2      | Noticed Robin
  1305 | D:2      | HP: 5/24 [goblin/dagger[Robin] (2)]
  1307 | D:2      | Reached skill level 4 in Shapeshifting
  1313 | D:2      | Slain by a hobgoblin

Illustrated notes

Levels and vault maps discovered:
D:1:      wheals_arrival_linesprint, layout_basic,
          minmay_misc_feat_more_columns, minmay_split_cup_large
D:2:      layout_loops_cross, basic_ecumenical_altar, serial_shops,
          nicolae_shop_trees, basic_altar, uniq_robin

Skill      XL: |  1  2  3 |
---------------+----------+-----
Fighting       | 2 |  2.1
Shapeshifting  | 4 |  4.0
Dodging        | |  2.0
Unarmed Combat | |  3.0

Action                     || total
---------------------------++-------
  Melee: Unarmed           ||    48
         Tentacles         ||    12
         Constrict         ||    11
   Stab: Sleeping          ||     3
         Distracted        ||     1
 Armour: Skin              ||    31
  Dodge: Dodged            ||    45

Table legend: (Time is in decaauts)
 A = Elapsed time spent in this place.
 B = Non-inter-level travel time spent in this place.
 C = Inter-level travel time spent in this place.
 D = Time resting spent in this place.
 E = Time spent auto-exploring this place.
 F = Levels seen in this place.
 G = Mean time per level.
                   A        B        C        D        E       F      G
               +--------+--------+--------+--------+--------+-----+--------+
         Total |   1309 |   1306 |      3 |     41 |   1110 |   2 |  654.5 |
       Dungeon |   1309 |   1306 |      3 |     41 |   1110 |   2 |  654.5 |
               +--------+--------+--------+--------+--------+-----+--------+

Top non-repeatable levels by time:
     D:1: 927 daAuts
     D:2: 382 daAuts

Levels and vault maps discovered:
D:1:      wheals_arrival_linesprint, layout_basic,
          minmay_misc_feat_more_columns, minmay_split_cup_large
D:2:      layout_loops_cross, basic_ecumenical_altar, serial_shops,
          nicolae_shop_trees, basic_altar, uniq_robin

Table legend: (Time is in decaauts)
 A = Elapsed time spent in this place.
 B = Non-inter-level travel time spent in this place.
 C = Inter-level travel time spent in this place.
 D = Time resting spent in this place.
 E = Time spent auto-exploring this place.
 F = Levels seen in this place.
 G = Mean time per level.
                   A        B        C        D        E       F      G
               +--------+--------+--------+--------+--------+-----+--------+
         Total |   1309 |   1306 |      3 |     41 |   1110 |   2 |  654.5 |
       Dungeon |   1309 |   1306 |      3 |     41 |   1110 |   2 |  654.5 |
               +--------+--------+--------+--------+--------+-----+--------+

Top non-repeatable levels by time:
     D:1: 927 daAuts
     D:2: 382 daAuts

Table legend:
 A = Kills in this place as a percentage of kills in the entire game.
 B = Kills by you in this place as a percentage of kills by you in the entire game.
 C = Kills by friends in this place as a percentage of kills by friends in the entire game.
 D = Other kills in this place as a percentage of other kills in the entire game.
 E = Experience gained in this place as a percentage of experience gained in the entire game.
 F = Experience gained in this place divided by the number of levels of this place that you have seen.
                   A       B       C       D       E      F
               +-------+-------+-------+-------+-------+----------------------
         Total | 100.0 | 100.0 |   N/A |   N/A | 100.0 |  36.0
       Dungeon | 100.0 | 100.0 |   N/A |   N/A | 100.0 |  36.0
               +-------+-------+-------+-------+-------+----------------------
